 Dungeon Crawl Stone Soup version 0.30.1-3-gfc49f6343a (webtiles) character file.

Game seed: 2523634064373845115

256 thetitan555 the Sneak (level 5, -9/24 HPs)
             Began as a Spriggan Enchanter on July 25, 2023.
             Killed from afar by Dowan (11 damage)
             ... with a puff of flame
             ... on level 4 of the Dungeon.
             The game lasted 00:19:01 (3270 turns).

thetitan555 the Sneak (Spriggan Enchanter)          Turns: 3270, Time: 00:19:01

Health: -9/24      AC:  2    Str:  4    XL:     5   Next: 92%
Magic:  1/10       EV: 17    Int: 19    God:
Gold:   210        SH:  0    Dex: 15    Spells: 4/9 levels left

rFire   . . .        l - +2 dagger (speed)
rCold   . . .        (no shield)
rNeg    . . .        b - +0 robe
rPois   .            (helmet restricted)
rElec   .            (no cloak)
rCorr   .            (gloves unavailable)
SInv    +            (boots unavailable)
Will    .....        (no amulet)
Stlth   ++++         (no ring)
HPRegen 0.24/turn    (no ring)
MPRegen 0.12/turn

%: no passive effects
@: very quick
A: very small, no large weapons, unfitting armour, see invisible, speed 3
a: no special abilities


You were on level 4 of the Dungeon.
You visited 1 branch of the dungeon, and saw 4 of its levels.

You collected 210 gold pieces.

Inventory:

Hand Weapons
 a - a +1 dagger
 l - a +2 dagger of speed (weapon)
Armour
 b - a +0 robe (worn)
Magical Staves
 g - a staff of cold
Scrolls
 e - a scroll of fog {unknown}
 h - 3 scrolls of identify
Potions
 c - 3 potions of invisibility
 d - a potion of ambrosia
 i - a potion of curing
 j - 2 potions of lignification
 m - a potion of berserk rage {unknown}
 n - a potion of haste {unknown}
 p - a potion of might {unknown}
 q - 2 potions of brilliance


   Skills:
 + Level 4.6 Short Blades
 - Level 2.7 Dodging
 + Level 7.9 Stealth
 - Level 2.7 Spellcasting
 - Level 3.6 Hexes


You had 4 spell levels left.
You knew the following spells:

 Your Spells              Type           Power      Damage    Failure   Level
a - Ensorcelled Hibernat  Hex/Ice        18%        N/A       11%         2
b - Confusing Touch       Hex            16%        N/A       11%         3

Your spell library contained the following spells:

 Spells                   Type           Power      Damage    Failure   Level
 Tukima's Dance           Hex            16%        N/A       11%         3
 Dazzling Flash           Conj/Hex       18%        N/A       22%         3


Dungeon Overview and Level Annotations

Branches:
Dungeon (4/15)
 Temple: D:4-7

Altars:

Shops:
D:1 :

Annotations:
D:4 Dowan, Sigmund


Innate Abilities, Weirdness & Mutations

You are very small and have problems with some larger weapons.
You are too small for most types of armour.
You have supernaturally acute eyesight. (SInv)
You cover ground extremely quickly. (Speed+++)


Message History

Aim: Dowan, wielding a +0 dagger and wearing a +1 robe of cold resistance (not susceptible) Dowan is unaffected.
Casting: Ensorcelled Hibernation (safe; 11% risk of failure)
Confirm with . or Enter, or press ? or * to list all spells.
Aiming: Ensorcelled Hibernation (safe; 11% risk of failure)
Press: ? - help, Shift-Dir - straight line, f/p - Dowan
Aim: Dowan, wielding a +0 dagger and wearing a +1 robe of cold resistance (not susceptible) Dowan is unaffected.
Dowan gestures wildly while chanting.
Dowan blinks!
Dowan gestures wildly while chanting.
Dowan blinks!
A gnoll comes into view. It is wielding a +0 club.
Casting: Ensorcelled Hibernation (safe; 11% risk of failure)
Confirm with . or Enter, or press ? or * to list all spells.
Aiming: Ensorcelled Hibernation (safe; 11% risk of failure)
Press: ? - help, Shift-Dir - straight line, f/p - Dowan
Aim: Dowan, wielding a +0 dagger and wearing a +1 robe of cold resistance (not susceptible) Dowan is unaffected.
You hit Dowan.
Dowan is lightly wounded.
Dowan hits you with a +0 dagger.
You hit Dowan.
Dowan is lightly wounded.
Dowan hits you with a +0 dagger.
You barely miss Dowan.
Dowan is lightly wounded.
You hit Dowan.
Dowan is moderately wounded.
Dowan hits you with a +0 dagger!
You closely miss Dowan.
Dowan is moderately wounded.
Dowan casts a spell at you. The puff of flame hits you!
* * * LOW HITPOINT WARNING * * *
2 gnolls come into view.
A gnoll bouda comes into view. It is wielding a +0 club.
Dowan gestures at you while chanting. The puff of flame hits you!
You die... gg.

.g # g. .# #.########.#
#.#........#
#..........##.
#<....e......
#.@........#
##...........
###........##.
##..........# .# ....
#..#........##....(..
##.##..###...##.#.....
#.....................
#####!.#####......#.....
#.......................


You could see Dowan, a gnoll bouda (asleep) and 3 gnolls.

Vanquished Creatures
  A scorpion (D:3)
  A hound (D:4)
  An orc wizard (D:3)
  7 adders
  2 ufetubi (D:4)
  A worm (D:3)
  2 dart slugs
  3 orcs
  9 ball pythons
  3 endoplasms
  3 giant cockroaches
  4 goblins
  10 hobgoblins
  3 quokkas
  3 bats
  A frilled lizard (D:1)
  5 kobolds
  5 rats
64 creatures vanquished.

Notes
Turn   | Place    | Note
-------+----------+-------------------------------------------
     0 | D:1      | thetitan555 the Spriggan Enchanter began the quest for the
                  | Orb.
     0 | D:1      | Reached XP level 1. HP: 9/9 MP: 5/5
   232 | D:1      | Found Luigeh's Vocational Training.
   238 | D:1      | Reached XP level 2. HP: 13/13 MP: 6/6
   241 | D:1      | Learned a level 2 spell: Ensorcelled Hibernation
   291 | D:1      | Reached skill level 5 in Stealth
   681 | D:2      | Reached XP level 3. HP: 16/16 MP: 8/8
  1084 | D:2      | Reached skill level 6 in Stealth
  1089 | D:2      | Reached XP level 4. HP: 9/21 MP: 5/9
  1741 | D:3      | Noticed a scorpion
  1746 | D:3      | Killed a scorpion
  1747 | D:3      | Reached skill level 7 in Stealth
  1747 | D:3      | Reached XP level 5. HP: 24/24 MP: 10/10
  1750 | D:3      | Identified the +3 short sword of True Grit {heavy, Str+3}
  1847 | D:3      | Learned a level 3 spell: Dazzling Flash
  2955 | D:2      | Learned a level 3 spell: Confusing Touch
  3081 | D:4      | Noticed Sigmund
  3101 | D:4      | Noticed Dowan
  3270 | D:4      | Killed from afar by Dowan

Illustrated notes

Levels and vault maps discovered:
D:1:      eino_arrival_cavern_d, layout_rooms, nicolae_shop_vocational
D:2:      layout_basic, skrybe_limestone_x
D:3:      layout_loops_corners
D:4:      layout_rooms, fountainhead, chequers_serial_rivers_small_b,
          uniq_sigmund, uniq_crazy_yiuf_cottage, uniq_duvessa

Skill      XL: |  1  2  3  4  5 |
---------------+----------------+-----
Stealth        | 5 6 7 |  7.9
Short Blades   | 2 3 4 |  4.6
Dodging        | |  2.7
Spellcasting   | |  2.7
Hexes          | |  3.6

Action                     |  1- 3 |  4- 6 || total
---------------------------+-------+-------++-------
  Melee: Dagger            |   106 |    97 ||   203
         Punch             |       |     1 ||     1
   Cast: Ensorcelled Hiber |     9 |    11 ||    20
         Confusing Touch   |       |     1 ||     1
    Use: Scroll            |       |    11 ||    11
   Stab: Sleeping          |     9 |    12 ||    21
         Confused          |       |     1 ||     1
 Armour: Robe              |     7 |    10 ||    17
  Dodge: Dodged            |    51 |    54 ||   105
